 Dungeon Crawl Stone Soup version 0.30.0-19-g36f170ea60 (webtiles) character file.

Game seed: 9249855080955501958

83374 Cheops the Unseen (level 15, -12/120 HPs)
             Began as an Armataur Earth Elementalist on May 30, 2023.
             Was an Elder of Uskayaw.
             Killed by mirror damage (22 damage)
             ... on level 13 of the Dungeon on June 1, 2023.
             The game lasted 03:33:53 (40943 turns).

Cheops the Unseen (Armataur Earth Elementalist)    Turns: 40943, Time: 03:33:53

Health: -12/120    AC: 13    Str: 15    XL:     15   Next: 32%
Magic:  3/33       EV:  7    Int: 21    God:    Uskayaw [****..]
Gold:   1643       SH:  5    Dex:  6    Spells: 7/26 levels left

rFire   + + .        a - +5 dagger (speed)
rCold   . . .        A - orb {guile}
rNeg    + . .        r - +2 fire dragon scales
rPois   .            N - +0 helmet "Yroskoda" {rC+ rN+ Regen+ Dex-5}
rElec   .            Z - scarf {shadows}
rCorr   .            D - +0 pair of gloves
SInv    .            (no barding)
Will    .....        G - amulet of reflection
Stlth   +++++        m - ring of wizardry
HPRegen 1.20/turn    V - ring of magical power
MPRegen 0.23/turn

%: reflection, roll, wizardry (x1)
@: no status effects
A: large, rugged brown scales 3, deformed body, armoured tail, roll, long
tongue, awkward tongue, subdued magic 1
a: Renounce Religion, Stomp, Line Pass


You were on level 13 of the Dungeon.
You worshipped Uskayaw.
Uskayaw was noncommittal.
You visited 4 branches of the dungeon, and saw 21 of its levels.
You also visited: Volcano.

You collected 2272 gold pieces.
You spent 629 gold pieces at shops.

Inventory:

Hand Weapons
 a - a +5 dagger of speed (weapon)
 b - a +3 dagger of venom
 c - a +0 rapier of flaming
 d - a +4 scimitar of flaming
Armour
 r - +2 fire dragon scales (worn)
 A - an orb of guile (worn)
 B - a +2 helmet
 C - +1 steam dragon scales
 D - a +0 pair of gloves (worn)
 E - a +2 cloak
 I - a +1 robe of willpower
 M - a +2 leather armour of cold resistance
 N - the +0 helmet "Yroskoda" (worn) {rC+ rN+ Regen+ Dex-5}
   (You found it on level 7 of the Dungeon)

   Dex:       It affects your dexterity (-5).
   rC:        It protects you from cold.
   rN:        It protects you from negative energy.
   Regen:     It increases your rate of health regeneration.
 O - the +0 helmet "Nastamp" {Rampage rElec rF+ rN+}
   (You bought it in a shop on level 6 of the Dungeon)

   rF:        It protects you from fire.
   rElec:     It insulates you from electricity.
   rN:        It protects you from negative energy.
   Rampage:   It bestows one free step when moving towards enemies.
 Z - a scarf of shadows (worn)
Magical Staves
 o - the staff of cold "Wiant" {rF++ rC+ rN+ Will+ Str-5}
   (You found it on level 5 of the Lair of Beasts)

   [staff of cold]

   Base accuracy: +5 Base damage: 5 Base attack delay: 1.2 This weapon's minimum
   attack delay (0.6) is reached at skill level 12.
   Str:       It affects your strength (-5).
   rF:        It greatly protects you from fire.
   rC:        It protects you from cold.
   rN:        It protects you from negative energy.
   Will:      It increases your willpower.
   It falls into the 'Staves' category.
   It is a one-handed weapon.
Jewellery
 e - a +6 ring of intelligence
 m - a ring of wizardry (left hand)
 t - a ring of fire
 u - a +6 ring of dexterity
 v - a ring of ice
 G - an amulet of reflection (around neck)
 K - an amulet of guardian spirit
 V - a ring of magical power (right hand)
Wands
 q - a wand of roots (20)
 s - a wand of paralysis (14)
 x - a wand of light (5)
 H - a wand of mindburst (6)
 S - a wand of flame (17)
 W - a wand of digging (6)
 Y - a wand of polymorph (4)
Scrolls
 f - 2 scrolls of magic mapping
 g - 6 scrolls of vulnerability
 j - a scroll of blinking
 z - 2 scrolls of silence
 F - 3 scrolls of poison
 J - 5 scrolls of fear
 L - 2 scrolls of fog
 R - 5 scrolls of teleportation
 U - 2 scrolls of identify
Potions
 h - 4 potions of ambrosia
 i - 12 potions of curing
 k - 6 potions of might
 l - 4 potions of heal wounds
 n - a potion of magic
 p - 3 potions of haste
 P - 5 potions of flight
 Q - 2 potions of attraction
 T - 2 potions of mutation
 X - 4 potions of lignification
Miscellaneous
 w - a phantom mirror
 y - a lightning rod (4/4)


   Skills:
 - Level 5.0 Fighting
 - Level 10.1 Short Blades
 - Level 6.0 Armour
 - Level 1.3 Dodging
 + Level 19.1 Stealth
 - Level 6.0 Spellcasting
 - Level 9.0 Conjurations
 - Level 3.0 Summonings
 * Level 6.5 Transmutations
 - Level 10.0 Earth Magic
 - Level 4.0 Invocations
 - Level 4.0 Evocations


You had 7 spell levels left.
You knew the following spells:

 Your Spells              Type           Power      Damage    Failure   Level
a - Sandblast             Erth           74%        2d16      1%          1
b - Stone Arrow           Conj/Erth      70%        3d11      1%          3
d - Lee's Rapid Deconstr  Erth           18%        3d11*     7%          5
p - Petrify               Tmut/Erth      31%        N/A       4%          4
A - Animate Armour        Summ/Erth      50%        N/A       11%         4
P - Passwall              Tmut/Erth      25%        N/A       1%          2

Your spell library contained the following spells:

 Spells                   Type           Power      Damage    Failure   Level
 Beastly Appendage        Tmut           52%        N/A       1%          1
 Wereblood                Tmut           26%        N/A       1%          2
 Sting                    Tmut/Pois      60%        1d6       4%          1
 Dazzling Flash           Conj/Hex       38%        N/A       7%          3
 Spider Form              Tmut/Pois      15%        N/A       12%         3
 Mephitic Cloud           Conj/Pois/Air  14%        N/A       13%         3
 Necrotise                Necr           16%        1d4       16%         1
 Poisonous Vapours        Pois/Air       8%         N/A       22%         2
 Fulminant Prism          Conj/Hex       9%         3d7       24%         4
 Iskenderun's Mystic Bla  Conj/Tloc      19%        2d6       24%         4
 Gell's Gravitas          Tloc           4%         N/A       41%         3
 Ozocubu's Armour         Ice            4%         N/A       41%         3
 Teleport Other           Tloc           4%         N/A       41%         3
 Vampiric Draining        Necr           4%         2d6       41%         3
 Volatile Blastmotes      Fire/Tloc      8%         2d10      41%         3
 Freezing Cloud           Conj/Ice/Air   7%         6-21      75%         5
 Olgreb's Toxic Radiance  Pois           4%         N/A       82%         4
 Summon Forest            Summ/Tloc      4%         N/A       90%         5
 Summon Mana Viper        Hex/Summ       9%         N/A       90%         5
 Agony                    Necr           4%         N/A       98%         5
 Silence                  Hex/Air        2%         N/A       98%         5
 Summon Cactus Giant      Summ           7%         N/A       99%         6
 Dispersal                Tloc           2%         N/A       100%        6
 Ozocubu's Refrigeration  Ice            2%         4d7       100%        7
 Lehudib's Crystal Spear  Conj/Erth      17%        10d5      100%        8


Dungeon Overview and Level Annotations

Branches:
Dungeon (13/15)            Temple (1/1) D:7            Lair (5/5) D:9
  Swamp (0/4) Lair:2       Spider (0/4) Lair:2        Slime (0/5) Lair:4
    Orc (2/2) D:11            Elf (0/3) Orc:2       Volcano (visited)
 Vaults: D:13-14

Altars:
Ashenzari
Cheibriados
Dithmenos
Elyvilon
Fedhas
Gozag
Hepliaklqana
Kikubaaqudgha
Makhleb
Nemelex Xobeh
Okawaru
Qazlal
Ru
Sif Muna
Trog
Uskayaw
Vehumet
Wu Jian
Xom
Yredelemnul
Zin
The Shining One
Jiyva

Shops:
D:6 :[=   D:9 :   D:10 (   Orc:1 *   Orc:2 :?(*(

Portals:
Hell: Lair:5
Trove: D:11 (give +6 demon blade)

Annotations:
D:10 5 transporters


Innate Abilities, Weirdness & Mutations

You are completely covered in rugged brown scales. (AC +3, +7% HP)
Armour fits poorly on your strangely shaped body.
You have a long armoured tail.
You roll when moving toward enemies. (Rampage)
Your long tongue fully drains potion bottles. (2x potion effects)
Your tongue gives you trouble enunciating. (1.5x scroll delay)
Your spells are a little easier to cast, but a little less powerful.


Message History

Confirm with . or Enter, or press ? or * to list all spells.
Aiming: Stone Arrow (safe; 1% risk of failure)
Press: ? - help, Shift-Dir - straight line, f/p - phantasmal warrior
Aim: a phantasmal warrior (severely damaged, paralysed, 100% to hit)
The stone arrow hits the phantasmal warrior!!
You destroy the phantasmal warrior!
You roll towards the death knight!
The death knight is no longer paralysed.
The death knight offers itself to Yredelemnul, and fills with unholy energy.
You hit the death knight.
The death knight is lightly wounded.
The death knight reflects your damage back at you!
* * * LOW HITPOINT WARNING * * *
Casting: Stone Arrow (safe; 1% risk of failure)
Confirm with . or Enter, or press ? or * to list all spells.
Aiming: Petrify (mildly dangerous; 4% risk of failure)
Press: ? - help, Shift-Dir - straight line, f - death knight
Aim: a death knight, wielding a +0 battleaxe and wearing a +0 chain mail (lightly wounded, reflecting injuries, chance to affect: 76%)
The death knight is moving more slowly.
The death knight hits you with a +0 battleaxe!
* * * LOW HITPOINT WARNING * * *
Casting: Petrify (mildly dangerous; 4% risk of failure)
Confirm with . or Enter, or press ? or * to list all spells.
Aiming: Petrify (mildly dangerous; 4% risk of failure)
Press: ? - help, Shift-Dir - straight line, f/p - death knight
Aim: a death knight, wielding a +0 battleaxe and wearing a +0 chain mail (lightly wounded, reflecting injuries, petrifying slowly, chance to affect: 76%) Nothing appears to happen.
The helpless death knight fails to defend itself.
You skewer the death knight like a kebab!!!!
You tail-slap the death knight, but do no damage.
The death knight is heavily wounded.
The death knight reflects your damage back at you!
* * * LOW HITPOINT WARNING * * *
Uskayaw will force your foes to share their pain.
Uskayaw links your audience in an emotional bond!
The helpless death knight fails to defend itself.
You skewer the death knight like a kebab!!!!
You kill the death knight!
Your damage is reflected back at you!
You die...

... .......... .... #.
...W.... ..☼C..# .... #..
...# #...# #☼?..# ....
##..####...# #...# #....#
....
...........###...###....##.
Wp.$
...............WW..W........
....
.....................)......
....
................)..#######..
#### .......####.....@..#
#.. .......####........#
#..#####
...................#
#.......
...................#
#.......
...................#
#.....(p
...................#
#.....W.
........###........#
#..##### ........#
#........#######..#####
#####...#
#...###................


You could see a phantasmal warrior (pain bonded) and 2 freezing wraiths.

Vanquished Creatures
  Frances (D:13)
  2 dire elephants (Lair:5)
  Fannar (Lair:1)
  Harold (Lair:1)
  8 hydras
  A catoblepas (Lair:5)
  A death knight (D:13)
  4 boulder beetles
  3 two-headed ogres
  2 centaur warriors (D:13)
  Erica (D:8)
  9 death yaks
  2 tengu warriors (D:9)
  6 orc high priests (Orc:2)
  Sonja (Lair:1)
  Amaemon (Lair:1)
  A skyshark (Lair:4)
  A wizard (Lair:5)
  5 lindwurms
  A deep elf pyromancer (D:13)
  A phantasmal warrior (D:13)
  Pikel (D:5)
  4 orc knights (Orc:2)
  An orc sorcerer (Orc:2)
  2 manticores (D:12)
  An ugly thing (D:9)
  2 cyclopes
  8 black mambas
  Maurice (D:8)
  The ghost of Loveship the Cleaver, a novice HOFi of the Shining One (D:4)
  13 cane toads
  4 orange demons
  A smoke demon (Lair:5)
  A torpor snail (Lair:5)
  3 molten gargoyles (Volcano)
  2 gargoyles (D:12)
  16 komodo dragons
  An unseen horror (D:10)
  A freezing wraith (D:13)
  2 efreet
  2 kobold demonologists
  4 rime drakes
  An ice devil (Lair:5)
  2 red devils (Lair:5)
  A tyrant leech (Lair:2)
  4 polar bears
  6 trolls
  Prince Ribbit (D:9)
  22 blink frogs
  12 dream sheep
  12 slime creatures
  3 culicivoras (Lair:2)
  35 yaks
  6 fire elementals (Volcano)
  6 wyverns
  A wraith (D:10)
  2 basilisks (Lair:4)
  3 steam dragons
  2 wargs (Orc:1)
  5 vampire mosquitoes
  4 swamp worms (Lair:2)
  An acid dragon (D:11)
  11 water moccasins
  4 hell hounds (Lair:5)
  An ice beast (D:6)
  5 ogres
  31 orc warriors
  3 black bears
  A sky beast (D:7)
  4 wolves
  14 centaurs
  4 lemures (D:5)
  3 phantoms (D:11)
  A kobold brigand (D:8)
  A gnoll sergeant (Orc:2)
  3 earth elementals (Volcano)
  10 bullfrogs
  3 scorpions
  A troll zombie (D:11)
  9 killer bees
  3 howler monkeys
  3 hounds
  17 jellies
  25 orc priests
  3 sleepcaps
  A gnoll bouda (D:9)
  12 iguanas
  18 orc wizards
  4 hell rats
  5 ogre zombies (D:11)
  13 gnolls
  7 adders
  2 river rats (D:9)
  A white imp (D:7)
  2 ufetubi
  2 worms
  5 dart slugs
  65 orcs
  4 ball pythons
  8 endoplasms
  4 giant cockroaches
  15 goblins
  11 hobgoblins
  A jackal (D:4)
  2 quokkas
  4 bats
  2 frilled lizards (D:2)
  A goblin skeleton (D:11)
  5 hobgoblin zombies (D:11)
  13 kobolds
  5 orc skeletons (D:11)
  7 orc zombies (D:11)
  11 rats
  2 fire vortices
645 creatures vanquished.

Notes
Turn   | Place    | Note
-------+----------+-------------------------------------------
     0 | D:1      | Cheops the Armataur Earth Elementalist began the quest for
                  | the Orb.
     0 | D:1      | Reached XP level 1. HP: 14/14 MP: 3/3
   218 | D:1      | Reached XP level 2. HP: 21/21 MP: 1/5
   823 | D:1      | Reached XP level 3. HP: 27/27 MP: 4/6
  1105 | D:1      | Learned a level 2 spell: Passwall
  1109 | D:1      | Learned a level 3 spell: Stone Arrow
  1182 | D:2      | Reached skill level 3 in Stealth
  1543 | D:2      | Reached XP level 4. HP: 35/35 MP: 2/7
  1904 | D:3      | Found an opulent altar of Gozag.
  1967 | D:3      | Found an opulent altar of Gozag.
  1977 | D:3      | Found an opulent altar of Gozag.
  2051 | D:3      | Reached skill level 1 in Conjurations
  2094 | D:3      | Reached XP level 5. HP: 22/40 MP: 3/8
  2179 | D:3      | Found a broken altar of Ashenzari.
  2299 | D:3      | Reached skill level 4 in Stealth
  2664 | D:3      | Found an opulent altar of Gozag.
  3370 | D:4      | Found a snail-covered altar of Cheibriados.
  3426 | D:4      | Reached skill level 1 in Short Blades
  3578 | D:4      | Noticed an ogre
  3582 | D:4      | Killed an ogre
  3583 | D:4      | Reached XP level 6. HP: 48/48 MP: 9/9
  3652 | D:5      | Entered Level 5 of the Dungeon
  4224 | D:5      | Reached skill level 5 in Stealth
  4224 | D:5      | Reached XP level 7. HP: 53/53 MP: 4/10
  4286 | D:5      | Learned a level 4 spell: Petrify
  4367 | D:5      | Reached skill level 1 in Transmutations
  4670 | D:5      | Noticed Pikel
  5054 | D:5      | Killed Pikel
  5055 | D:5      | Reached skill level 7 in Stealth
  5055 | D:5      | Reached skill level 5 in Earth Magic
  5055 | D:5      | Reached XP level 8. HP: 44/60 MP: 1/12
  5578 | D:4      | Reached skill level 8 in Stealth
  5782 | D:4      | Found a transporter.
  5784 | D:4      | Noticed Loveship's ghost (novice HOFi)
  5859 | D:4      | Found a transporter.
  7347 | D:3      | Found an opulent altar of Gozag.
  7352 | D:3      | Found an opulent altar of Gozag.
  7352 | D:3      | Found an opulent altar of Gozag.
  7358 | D:3      | Found an opulent altar of Gozag.
  7789 | D:3      | Found a broken altar of Ashenzari.
  8462 | D:6      | Reached skill level 5 in Conjurations
  8648 | D:6      | Found Foxketidgh's Antique Armour Emporium.
  8743 | D:6      | Found Ymifref's Jewellery Emporium.
  8821 | D:6      | Found Xuevuwk's Book Boutique.
  8930 | D:6      | Reached skill level 9 in Stealth
  8951 | D:6      | Reached XP level 9. HP: 34/66 MP: 1/13
  9166 | D:7      | Identified the +0 helmet "Yroskoda" {rC+ rN+ Regen+ Dex-5}
  9205 | D:7      | Found a glowing silver altar of Zin.
  9559 | D:7      | Learned a level 5 spell: Lee's Rapid Deconstruction
  9641 | D:6      | Bought a heavily runed helmet for 304 gold pieces
  9641 | D:6      | Identified the +0 helmet "Nastamp" {Rampage rElec rF+ rN+}
                  | (You bought it in a shop on level 6 of the Dungeon)
  9654 | D:7      | Found a staircase to the Ecumenical Temple.
  9790 | D:7      | Reached skill level 10 in Stealth
  9867 | Temple   | Entered the Ecumenical Temple
 10123 | Temple   | Became a worshipper of Uskayaw the Reveller
 10164 | D:7      | Reached * piety under Uskayaw
 10406 | D:7      | Reached ** piety under Uskayaw
 11085 | D:8      | Noticed Maurice
 11092 | D:8      | Killed Maurice
 11092 | D:8      | Reached *** piety under Uskayaw
 11274 | D:8      | Noticed Erica
 11370 | D:8      | Killed Erica
 11371 | D:8      | Reached skill level 11 in Stealth
 11371 | D:8      | Reached XP level 10. HP: 73/73 MP: 0/16
 12424 | D:9      | Noticed a death yak
 12458 | D:9      | Noticed a death yak
 12458 | D:9      | Noticed a death yak
 12490 | D:9      | Noticed a white ugly thing
 12494 | D:8      | Killed a death yak
 12725 | D:9      | Noticed Prince Ribbit
 12731 | D:9      | Killed Prince Ribbit
 12732 | D:9      | Reached skill level 5 in Short Blades
 13129 | D:9      | Noticed a tengu warrior
 13130 | D:9      | Noticed a tengu warrior
 13138 | D:9      | Killed a tengu warrior
 13144 | D:9      | Killed a tengu warrior
 13145 | D:9      | Reached skill level 12 in Stealth
 13491 | D:9      | Killed a white ugly thing
 13783 | D:9      | Reached **** piety under Uskayaw
 13785 | D:9      | Found Karhah's Tiny Tomes.
 14447 | D:4      | Found a snail-covered altar of Cheibriados.
 14812 | D:4      | Found a transporter.
 14902 | D:4      | Killed Loveship's ghost
 14903 | D:4      | Reached XP level 11. HP: 73/79 MP: 2/17
 15253 | D:9      | Found a staircase to the Lair.
 15307 | D:9      | Killed a death yak
 15326 | D:9      | Killed a death yak
 15988 | D:9      | Found Karhah's Tiny Tomes.
 16035 | D:9      | Found a staircase to the Lair.
 17062 | D:10     | Entered Level 10 of the Dungeon
 17173 | D:10     | Found Pufuitin's Antique Weapon Boutique.
 17270 | D:10     | Noticed a two-headed ogre
 17576 | D:10     | Killed a two-headed ogre
 17577 | D:10     | Reached skill level 13 in Stealth
 18024 | D:10     | Found a basalt altar of Yredelemnul.
 18107 | D:10     | Found a transporter.
 18122 | D:10     | Noticed a harpy
 18123 | D:10     | Found a transporter.
 18123 | D:10     | Noticed a boulder beetle
 18123 | D:10     | Noticed a centaur warrior
 18140 | D:10     | Found a transporter.
 18140 | D:10     | Found a transporter.
 18156 | D:10     | Found a transporter.
 18241 | D:10     | Noticed a centaur warrior
 18470 | D:11     | Noticed a four-headed hydra
 18473 | D:11     | Killed a four-headed hydra
 19057 | D:11     | Found a portal to a secret trove of treasure.
 19127 | D:11     | Reached ***** piety under Uskayaw
 19128 | D:11     | Reached skill level 10 in Short Blades
 19305 | D:11     | Found a sacrificial altar of Ru.
 19644 | D:11     | Found a staircase to the Orcish Mines.
 20208 | D:12     | Reached skill level 14 in Stealth
 20388 | Lair:1   | Entered Level 1 of the Lair of Beasts
 20440 | Lair:1   | Noticed Sonja
 20519 | Lair:1   | Reached XP level 12. HP: 68/86 MP: 18/18
 20582 | Lair:1   | Noticed Harold
 20589 | Lair:1   | Killed Harold
 20621 | Lair:1   | Killed Sonja
 20625 | Lair:1   | Identified the +6 whip "Ogre's Demise" {pain, rF- Int-3
                  | Dex+8}
 20692 | D:9      | Learned a level 4 spell: Animate Armour
 20951 | Lair:1   | Reached skill level 1 in Summonings
 21165 | Lair:1   | Noticed Fannar
 21176 | Lair:1   | Killed Fannar
 21918 | Lair:1   | Noticed a boulder beetle
 21924 | Lair:1   | Killed a boulder beetle
 21925 | Lair:1   | Reached skill level 1 in Invocations
 21925 | Lair:1   | Reached skill level 1 in Evocations
 22113 | Lair:1   | Noticed Amaemon
 22157 | Lair:1   | Killed Amaemon
 22427 | Lair:1   | Reached skill level 15 in Stealth
 23147 | Lair:2   | Noticed a five-headed hydra
 23155 | Lair:2   | Killed a five-headed hydra
 23294 | Lair:2   | Found a staircase to the Swamp.
 23760 | Lair:2   | Found a hole to the Spider Nest.
 24598 | Lair:2   | Found a hole to the Spider Nest.
 25145 | Lair:2   | Found a staircase to the Swamp.
 25225 | Lair:3   | Found a dark tunnel.
 25232 | Volcano  | Entered a volcano
 25243 | Volcano  | Reached XP level 13. HP: 92/92 MP: 19/19
 26589 | Lair:3   | Reached skill level 16 in Stealth
 27048 | Lair:3   | Reached skill level 10 in Earth Magic
 28387 | Lair:4   | Found a viscous altar of Jiyva.
 28392 | Lair:4   | Found a staircase to the Slime Pits.
 28409 | Lair:4   | Reached ****** piety under Uskayaw
 28664 | Lair:4   | Identified the +0 chain mail of the Great Game {rPois rC+
                  | Int-4}
 29334 | Lair:5   | Entered Level 5 of the Lair of Beasts
 29488 | Lair:5   | Reached skill level 17 in Stealth
 29705 | Lair:5   | Reached XP level 14. HP: 80/99 MP: 5/20
 30712 | Lair:4   | Reached skill level 5 in Spellcasting
 31921 | Lair:5   | Reached skill level 5 in Transmutations
 32652 | Lair:5   | Reached skill level 1 in Fighting
 33481 | Lair:5   | Reached skill level 18 in Stealth
 33484 | Lair:5   | Found a burning altar of Makhleb.
 33966 | Lair:5   | Found a gateway to Hell.
 33972 | Lair:5   | Identified the staff of cold "Wiant" {rF++ rC+ rN+ Will+
                  | Str-5}
 34216 | Orc:1    | Entered Level 1 of the Orcish Mines
 34382 | Orc:1    | Found Garerch Geala's General Store.
 34387 | Orc:1    | Bought a potion of heal wounds for 80 gold pieces
 34387 | Orc:1    | Bought a scroll of identify for 32 gold pieces
 34854 | Orc:2    | Entered Level 2 of the Orcish Mines
 34927 | Orc:2    | Reached skill level 5 in Fighting
 35067 | Orc:2    | Found Ockeb's Book Boutique.
 35207 | Orc:2    | Reached skill level 1 in Armour
 36573 | Orc:2    | Found a staircase to the Elven Halls.
 37015 | Orc:2    | Gained mutation: Your spells are a little easier to cast,
                  | but a little less powerful. [a neqoxec]
 37015 | Orc:2    | HP: 3/114 [orc warrior/+0 trident (5)]
 38301 | Orc:2    | Reached skill level 5 in Armour
 38342 | Orc:2    | Reached XP level 15. HP: 115/120 MP: 11/22
 38844 | Orc:2    | Found Xiezo's Antique Weapon Shop.
 38844 | Orc:2    | Found Muywad's Magic Scroll Shop.
 38845 | Orc:2    | Found Ticungon's Assorted Antiques.
 38845 | Orc:2    | Found Luorigeth's Antique Weapon Boutique.
 38856 | Orc:2    | Bought a scroll of identify for 52 gold pieces
 38862 | Orc:2    | Bought a scroll of blinking for 105 gold pieces
 38862 | Orc:2    | Bought a scroll of fear for 56 gold pieces
 39754 | D:12     | Found a snail-covered altar of Cheibriados.
 40133 | D:13     | Noticed Frances
 40141 | D:13     | Killed Frances
 40424 | D:13     | Reached skill level 19 in Stealth
 40943 | D:13     | Killed by mirror damage

Illustrated notes

Levels and vault maps discovered:
D:1:      kennysheep_arrival_seaside, layout_loops_cross, minmay_pentomino_u4
D:2:      layout_basic, chequers_jeans, minmay_misc_feat_tower
D:3:      layout_basic, nicolae_gozag_conspicuous_consumption,
          mainiacjoe_overflow_surrounded_room
D:4:      layout_gridville, mainiacjoe_overflow_24_doors, gammafunk_ghost_arena,
          minmay_vboxes
D:5:      layout_basic, uniq_pikel
D:6:      layout_rooms, serial_shops, nicolae_shop_real_fake_doors, shop,
          nicolae_shop_pleasant_corner_grove, dk_noncrumbling_4
D:7:      layout_basic, mainiacjoe_overflow_chevrons, minmay_temple_entry_mist
D:8:      layout_layer_cave, uniq_maurice, uniq_erica
D:9:      layout_layer_cave, dpeg_lair_monsters,
          nicolae_shop_i_like_small_books_too, uniq_prince_ribbit1
D:10:     gammafunk_the_bubble [the_bubble_gammafunk_roulette],
          layout_cave_pools, mainiacjoe_overflow_cross_hatched, serial_shops,
          shop_fountains, minmay_diced_spiral
D:11:     layout_basic, zombieorc1_lemuel, enter_trove_0,
          nicolae_ru_sacrificial_ziggurat
D:12:     layout_roguey, cheibrodos_worm_habitat
D:13:     layout_small_grid, uniq_frances
Temple:   nicolae_temple_bog_church
Lair:1:   beast_lair_carwin_large_3, layout_regular_city, lemuel_fruit_tree,
          uniq_amaemon, uniq_fannar, uniq_sonja, uniq_harold
Lair:2:   layout_cave_shapes, minmay_swamp_entry_worms,
          spider_nest_entry_funnel_web, grunt_megastairs_4
Lair:3:   layout_roguey, lightli_volcano_entry_magma_tube,
          portal_ice_cave_entry_pillars_2, grunt_forest_large_clearing_hut
Lair:4:   layout_gridlike, minmay_slime_entry_jelly_boxes, serial_bayou_shore_a
Lair:5:   evil_forest, layout_long_grid, grunt_megastairs_1
Orc:1:    layout_caves, serial_shops, shop
Orc:2:    st_orc_pillars, layout_diamond_mine, serial_shops,
          nicolae_shop_tiny_glass, minmay_orc_barracks

Skill      XL: |  1  2  3  4  5  6  7  8  9 10 11 12 13 14 15 |
---------------+----------------------------------------------+-----
Spellcasting   | 2 3 4 5 6 |  6.0
Earth Magic    | 3 4 5 7 10 | 10.0
Stealth        | 3 4 5 7 9 11 12 14 15 17 18 19 | 19.1
Conjurations   | 1 3 4 5 7 9 |  9.0
Short Blades   | 1 2 3 7 10 | 10.1
Transmutations | 2 3 4 6 |  6.5
Summonings     | 3 |  3.0
Invocations    | 4 |  4.0
Evocations     | 4 |  4.0
Fighting       | 5 |  5.0
Armour         | 5 6 |  6.0
Dodging        | |  1.3

Action                     |  1- 3 |  4- 6 |  7- 9 | 10-12 | 13-15 || total
---------------------------+-------+-------+-------+-------+-------++-------
  Melee: Unarmed           |     7 |       |       |       |       ||     7
         Dagger            |       |    11 |    87 |   235 |   372 ||   705
         Short sword       |       |     8 |       |       |       ||     8
         Tailslap          |       |     2 |    13 |    41 |    61 ||   117
   Cast: Sandblast         |    54 |    85 |    70 |    16 |    38 ||   263
         Stone Arrow       |       |     7 |    67 |   110 |   318 ||   502
         Passwall          |       |     2 |     6 |    36 |    34 ||    78
         Lee's Rapid Decon |       |       |     3 |    20 |    29 ||    52
         Petrify           |       |       |     2 |    75 |   141 ||   218
         Animate Armour    |       |       |       |       |     2 ||     2
 Invoke: Line Pass         |       |       |       |     1 |       ||     1
         Stomp             |       |       |       |       |     1 ||     1
  Evoke: Wand              |       |       |       |     4 |     4 ||     8
    Use: Scroll            |       |       |    11 |    14 |    14 ||    39
         Potion            |       |       |     1 |     1 |       ||     2
   Stab: Sleeping          |       |     1 |     9 |    27 |    38 ||    75
         Petrified         |       |       |     2 |    43 |    86 ||   131
         Paralysed         |       |       |     1 |    21 |    23 ||    45
         Petrifying        |       |       |       |     6 |    21 ||    27
         Distracted        |       |       |       |     1 |       ||     1
         Invisible         |       |       |       |       |     2 ||     2
 Armour: Robe              |     5 |    24 |    50 |       |       ||    79
         Steam dragon scal |       |       |     5 |    71 |    73 ||   149
         Fire dragon scale |       |       |       |       |    19 ||    19
  Dodge: Dodged            |    11 |    30 |    61 |    85 |   121 ||   308
  Block: Other             |       |       |    20 |    13 |       ||    33
         Reflection        |       |       |     2 |     3 |     7 ||    12
         Orb               |       |       |       |    29 |    79 ||   108
